 Dungeon Sprint DCSS version 0.29.1-12-g30fa7ad0bf (webtiles) character file.

Game seed: 16246691081666459617

1918 Groucho the Nimble (level 8, -3/36 HPs)
             Began as a Spriggan Earth Elementalist on Dec 30, 2022.
             Was a Believer of Vehumet.
             Shot with an arrow by a centaur warrior (14 damage)
             ... in the Dungeon (Sprint III: "The Ten Rune Challenge").
             The game lasted 00:07:13 (2442 turns).

Groucho the Nimble (Spriggan Earth Elementalist)    Turns: 2442, Time: 00:07:13

Health: -3/36      AC:  2    Str:  4    XL:     8   Next: 95%
Magic:  20/22      EV: 23    Int: 18    God:    Vehumet [**....]
Gold:   38         SH:  0    Dex: 16    Spells: 12/26 levels left

rFire   . . .      SeeInvis +   m - +2 long sword (holy)
rCold   . . .      Faith    .   (no shield)
rNeg    . . .      Spirit   .   o - +0 robe
rPois   .          Reflect  .   (helmet restricted)
rElec   .          Harm     .   (no cloak)
rCorr   .          Rampage  .   (gloves unavailable)
Will    +....      NoTele   +   (boots unavailable)
Stlth   ++........              (no amulet)
HPRegen 0.12/turn               (no ring)
MPRegen 0.18/turn               (no ring)

@: very quick
A: very small, no large weapons, unfitting armour, see invisible, speed 3
a: Renounce Religion


You were in the Dungeon.
You worshipped Vehumet.
Vehumet was pleased with you.
You visited 1 branch You collected 38 gold pieces.

Inventory:

Hand Weapons
 m - a +2 long sword of holy wrath (weapon)
Armour
 o - a +0 robe (worn)
Scrolls
 c - a scroll of poison {unknown}
 g - a scroll of blinking
 h - a scroll of vulnerability {unknown}
 i - 2 scrolls of identify {unknown}
 l - a scroll of immolation {unknown}
Potions
 b - 3 potions of magic
 d - a potion of heal wounds
 e - a potion of haste
 f - a potion of berserk rage
 j - 4 potions of flight
 k - 5 potions of mutation
 n - a potion of curing


   Skills:
 + Level 10.4 Dodging
 - Level 3.0 Stealth
 + Level 9.6 Spellcasting
 * Level 7.6 Conjurations
 + Level 5.5 Hexes
 + Level 9.4 Transmutations
 * Level 10.4 Earth Magic


You had 12 spell levels left.
You knew the following spells:

 Your Spells              Type           Power      Damage    Failure   Level
a - Sandblast             Erth           92%        2d19      1%          1
b - Passwall              Tmut/Erth      36%        N/A       1%          2
c - Stone Arrow           Conj/Erth      82%        3d12      1%          3
d - Petrify               Tmut/Erth      44%        N/A       1%          4
e - Confusing Touch       Hex            28%        N/A       2%          3
f - Magic Dart            Conj           100%       1d8       1%          1

Your spell library contained the following spells:

 Spells                   Type           Power      Damage    Failure   Level
 Ignite Poison            Fire/Tmut/Pois 20%        N/A       7%          3
 Slow                     Hex            100%       N/A       1%          1
 Vampiric Draining        Necr           8%         2d6       26%         3


Dungeon Overview and Level Annotations

Branches:
Dungeon (1/1)

Altars:
Cheibriados
Dithmenos
Elyvilon
Fedhas
Gozag
Hepliaklqana
Kikubaaqudgha
Makhleb
Nemelex Xobeh
Okawaru
Qazlal
Ru
Sif Muna
Trog
Uskayaw
Vehumet
Wu Jian
Xom
Yredelemnul
Zin
The Shining One
Jiyva
Lugonu


Innate Abilities, Weirdness & Mutations

You are very small and have problems with some larger weapons.
You are too small for most types of armour.
You have supernaturally acute eyesight. (SInv)
You cover ground extremely quickly. (Speed+++)


Message History

You start waiting.
Vehumet will no longer aid your destructive spells.
Okay, then.
You open the door.
A centaur warrior and 2 centaurs come into view.
The centaur shouts!
The centaur warrior shouts!
The centaur shouts!
The centaur wields a +0 shortbow.
The centaur shoots an arrow.
The arrow closely misses you.
There is an open door here.
Casting: Stone Arrow (safe; 1% risk of failure)
Confirm with . or Enter, or press ? or * to list all spells.
Okay, then.
You start waiting.
There are monsters nearby!
Casting: Stone Arrow (safe; 1% risk of failure)
Confirm with . or Enter, or press ? or * to list all spells.
You aren't next to any passable walls.
Casting: Passwall (safe; 1% risk of failure)
Confirm with . or Enter, or press ? or * to list all spells.
Aiming: Petrify (dangerous; 1% risk of failure)
Press: ? - help, Shift-Dir - straight line, f - centaur warrior
Aim: a centaur warrior (chance to affect: 50%)
The centaur warrior resists with significant effort.
The centaur warrior wields a +0 shortbow.
The centaur warrior shoots an arrow.
The arrow hits you!!
Ouch! That really hurt!
Unknown command.
Unknown command.
You feel much better.
The centaur warrior shoots an arrow.
The arrow closely misses you.
The centaur warrior shoots an arrow.
The arrow barely misses you.
There is an open door here.
You enter the shallow water.
Moving in this stuff is going to be slow.
The centaur warrior shoots an arrow.
The arrow hits you!!
Ouch! That really hurt!
The centaur warrior shoots an arrow.
The arrow completely misses you.
There is an open door here.
The centaur warrior shoots an arrow.
The arrow hits you!
You die...

.♣ ♣♣.#...#__.#._#
.♣♣♣..###÷#'###'##
♣..♣..#..........#
~♣♣♣..')⌠........#
~~~...#...######'#
~~....#.⌠.#__#...#+#############
~.....#)..#__#...#§cc§c'.#c'.cc+
......#'###__#...#§#§§§#.#c#...#
.†....#..)#__#..@'.#§§.#.#.#cc.#
......#___#__'...#.#§§§#.c.#.c.#
▓▓▓▓▓▓▓▓▓▓▓▓▓▓▓▓▓▓▓▓▓▓▓▓▓▓▓▓▓▓▓#


You could see a centaur warrior.

Vanquished Creatures
  Josephine (D)
  A deep elf pyromancer (D)
  A shadow (D)
  A spatial vortex (D)
  An earth elemental (D)
  A water elemental (D)
  A necrophage (D)
  A jelly (D)
  Jessica (D)
  A wizard (D)
  A necromancer (D)
  3 humans (D)
  A kobold demonologist (D)
  A phantom (D)
  2 endoplasms (D)
18 creatures vanquished.

Notes
Turn   | Place    | Note
-------+----------+-------------------------------------------
     0 | D        | Groucho the Spriggan Earth Elementalist began the quest for
                  | the Orb.
     0 | D        | Reached XP level 1. HP: 9/9 MP: 5/5
    43 | D        | Noticed Jessica
    47 | D        | Killed Jessica
    48 | D        | Reached XP level 2. HP: 13/13 MP: 2/8
    48 | D        | Reached XP level 3. HP: 16/16 MP: 2/9
   260 | D        | Learned a level 2 spell: Passwall
   264 | D        | Learned a level 3 spell: Stone Arrow
   497 | D        | Reached skill level 5 in Dodging
   497 | D        | Reached skill level 1 in Conjurations
   497 | D        | Reached skill level 5 in Earth Magic
   672 | D        | Noticed a water elemental
   682 | D        | Killed a water elemental
   683 | D        | Reached skill level 5 in Spellcasting
   683 | D        | Reached XP level 4. HP: 21/21 MP: 9/12
   696 | D        | Found a radiant altar of Vehumet.
   698 | D        | Found a shimmering blue altar of Sif Muna.
   698 | D        | Noticed a wizard
   700 | D        | Killed a wizard
   701 | D        | Reached XP level 5. HP: 24/24 MP: 9/14
   701 | D        | Found an ancient bone altar of Kikubaaqudgha.
   712 | D        | Became a worshipper of Vehumet
   718 | D        | Learned a level 4 spell: Petrify
   728 | D        | Learned a level 3 spell: Confusing Touch
   738 | D        | Found a shadowy altar of Dithmenos.
   741 | D        | Found a basalt altar of Yredelemnul.
   741 | D        | Found a sacrificial altar of Ru.
   753 | D        | Reached skill level 5 in Transmutations
   891 | D        | Found a hide-covered altar of Uskayaw.
   891 | D        | Found an iron altar of Okawaru.
   893 | D        | Found a bloodstained altar of Trog.
   894 | D        | Found an ornate altar of the Wu Jian Council.
   894 | D        | Noticed a human
   896 | D        | Noticed a human
   933 | D        | Killed a human
   933 | D        | Reached * piety under Vehumet
   933 | D        | Offered knowledge of Shock by Vehumet.
   934 | D        | Reached skill level 5 in Conjurations
   934 | D        | Reached XP level 6. HP: 11/28 MP: 7/17
  1297 | D        | Killed a human
  1298 | D        | Reached XP level 7. HP: 32/32 MP: 15/19
  1465 | D        | Found a glowing silver altar of Zin.
  1467 | D        | Found a glowing golden altar of the Shining One.
  1469 | D        | Found a white marble altar of Elyvilon.
  1469 | D        | Noticed a deep elf pyromancer
  1472 | D        | Killed a deep elf pyromancer
  1491 | D        | Noticed a shadow
  1498 | D        | Killed a shadow
  1498 | D        | Reached ** piety under Vehumet
  1498 | D        | Offered knowledge of Magic Dart by Vehumet.
  1499 | D        | Reached XP level 8. HP: 36/36 MP: 8/21
  1708 | D        | Learned a level 1 spell: Magic Dart
  1733 | D        | Found a blossoming altar of Fedhas.
  1733 | D        | Found a stormy altar of Qazlal.
  1734 | D        | Found a snail-covered altar of Cheibriados.
  1734 | D        | Found a burning altar of Makhleb.
  1734 | D        | Found a hazy altar of Hepliaklqana.
  1734 | D        | Found a shimmering altar of Xom.
  1734 | D        | Found an opulent altar of Gozag.
  1734 | D        | Found a sparkling altar of Nemelex Xobeh.
  1734 | D        | Found a corrupted altar of Lugonu.
  1734 | D        | Found a viscous altar of Jiyva.
  1937 | D        | Noticed Josephine
  1943 | D        | Killed Josephine
  1943 | D        | Offered knowledge of Ignite Poison by Vehumet.
  1944 | D        | Reached skill level 10 in Dodging
  1944 | D        | Reached skill level 5 in Hexes
  1944 | D        | Reached skill level 10 in Earth Magic
  2187 | D        | Reached *** piety under Vehumet
  2425 | D        | Noticed a centaur warrior
  2442 | D        | Shot with an arrow by a centaur warrior

Illustrated notes

Levels and vault maps discovered:
D:        dungeon_sprint_mu [sprint_mu_entry_forest, sprint_mu_temple_rooms,
          sprint_mu_d1_horrors, sprint_mu_d2_genie, sprint_mu_d3_branching,
          sprint_mu_orc_legion, sprint_mu_elf_gauntlet, sprint_mu_hive_nellie,
          sprint_mu_lair_fedhas, sprint_mu_vaults_butterflies,
          sprint_mu_slime_circle, sprint_mu_shoals_archi,
          sprint_mu_snake_twists, sprint_mu_blade_basic,
          sprint_mu_crypt_chambers, sprint_mu_tomb_spiral,
          sprint_mu_vestibule_basic, sprint_mu_gehenna_hellfire,
          sprint_mu_dis_giant, sprint_mu_tartarus_statrot,
          sprint_mu_cocytus_islands, sprint_mu_zot1]

Skill      XL: |  1  2  3  4  5  6  7  8 |
---------------+-------------------------+-----
Dodging        | 4 5 6 7 8 9 10 | 10.4
Spellcasting   | 4 5 7 8 9 |  9.6
Earth Magic    | 4 5 6 7 8 9 10 | 10.4
Conjurations   | 2 3 5 6 7 |  7.6
Transmutations | 3 4 6 8 9 |  9.4
Hexes          | 3 5 |  5.5
Stealth        | |  3.0

Action                   |  1- 3 |  4- 6 |  7- 9 || total
-------------------------+-------+-------+-------++-------
 Cast: Sandblast         |    14 |    23 |     2 ||    39
       Passwall          |     2 |       |       ||     2
       Stone Arrow       |     1 |     1 |    19 ||    21
       Magic Dart        |       |       |     3 ||     3
       Petrify           |       |       |     1 ||     1
  Use: Potion            |     1 |       |     1 ||     2
Dodge: Dodged            |     1 |    10 |     5 ||    16
